 Dungeon Crawl Stone Soup version 0.29.1-12-g30fa7ad0bf (webtiles) character file.

Game seed: 10979891919314923079

1229 arthad the Digger (level 8, -4/44 HPs)
             Began as a Gargoyle Earth Elementalist on Dec 31, 2022.
             Was an Initiate of Sif Muna.
             Killed from afar by a steam dragon (17 damage)
             ... with a ball of steam
             ... on level 7 of the Dungeon.
             The game lasted 00:14:03 (6308 turns).

arthad the Digger (Gargoyle Earth Elementalist)     Turns: 6308, Time: 00:14:03

Health: -4/44      AC: 12    Str: 12    XL:     8   Next: 48%
Magic:  17/23      EV: 13    Int: 18    God:    Sif Muna [......]
Gold:   317        SH:  0    Dex: 16    Spells: 5/15 levels left

rFire   . . .      SeeInvis .   y - staff of poison
rCold   . . .      Faith    .   (no shield)
rNeg    + . .      Spirit   .   a - +0 robe
rPois   ∞          Reflect  .   q - +2 helmet
rElec   +          Harm     .   f - +0 cloak
rCorr   .          Rampage  .   (no gloves)
Will    .....                   (no boots)
Stlth   +++.......              (no amulet)
HPRegen 0.14/turn               t - ring of magical power
MPRegen 0.18/turn               z - +6 ring of dexterity

@: no status effects
A: sickness immunity, AC +5, negative energy resistance 1, electricity
resistance, torment resistance 1, petrification resistance
a: Renounce Religion


You were on level 7 of the Dungeon.
You worshipped Sif Muna.
Sif Muna was noncommittal.
You visited 2 branches of the dungeon, and saw 8 of its levels.

You collected 317 gold pieces.

Inventory:

Hand Weapons
 j - a +0 rapier
 v - a +2 hand axe of holy wrath
Missiles
 r - 11 poisoned darts
 u - 6 atropa-tipped darts
Armour
 a - a +0 robe (worn)
 f - a +0 cloak (worn)
 q - a +2 helmet (worn)
 s - a scarf of harm
 x - an orb of guile
Magical Staves
 y - a staff of poison (weapon)
Jewellery
 m - a ring of fire
 t - a ring of magical power (left hand)
 z - a +6 ring of dexterity (right hand)
 B - a +6 ring of strength
Wands
 e - a wand of polymorph (7)
 E - a wand of flame (10)
Scrolls
 d - 2 scrolls of identify
 g - a scroll of blinking {unknown}
 h - a scroll of torment {unknown}
 i - 5 scrolls of teleportation {unknown}
 l - a scroll of brand weapon {unknown}
 n - a scroll of noise {unknown}
 o - a scroll of enchant weapon {unknown}
 p - 2 scrolls of magic mapping {unknown}
 w - 2 scrolls of summoning
Potions
 b - 3 potions of magic
 c - 3 potions of degeneration
 k - a potion of resistance
 A - a potion of curing
 C - 2 potions of haste
 D - a potion of flight {unknown}


   Skills:
 + Level 1.9 Fighting
 + Level 2.9 Armour
 + Level 2.7 Dodging
 * Level 5.2 Stealth
 * Level 4.1 Spellcasting
 * Level 4.1 Conjurations
 + Level 2.3 Transmutations
 * Level 5.9 Earth Magic
 * Level 0.0 Invocations
 + Level 1.5 Evocations


You had 5 spell levels left.
You knew the following spells:

 Your Spells              Type           Power      Damage    Failure   Level
a - Sandblast             Erth           50%        2d12      1%          1
b - Passwall              Tmut/Erth      15%        N/A       4%          2
c - Stone Arrow           Conj/Erth      42%        3d9       5%          3
d - Petrify               Tmut/Erth      18%        N/A       26%         4

Your spell library contained the following spells:

 Spells                   Type           Power      Damage    Failure   Level
 Slow                     Hex            12%        N/A       14%         1
 Confusing Touch          Hex            3%         N/A       41%         3
 Vampiric Draining        Necr           3%         2d6       41%         3


Dungeon Overview and Level Annotations

Branches:
Dungeon (7/15)             Temple (1/1) D:6

Altars:
Cheibriados
Dithmenos
Fedhas
Gozag
Hepliaklqana
Makhleb
Nemelex Xobeh
Qazlal
Ru
Sif Muna
Wu Jian
Xom
Yredelemnul
Zin
The Shining One

Annotations:
D:4 3 runed translucent doors, Rilik's ghost, amateur GrEE


Innate Abilities, Weirdness & Mutations

You are immune to sickness and miasma.
Your stone body is resilient. (AC +5)
You are immune to poison.
You resist negative energy. (rN+)
You are resistant to electric shocks. (rElec)
You are resistant to unholy torment.
You are immune to petrification.


Message History

The steam dragon bites you but does no damage.
The steam dragon claws you but does no damage.
The steam dragon barely misses you. The steam dragon misses you.
Aiming: Sandblast (safe; 1% risk of failure)
Press: ? - help, Q - select action, (/) - cycle Shift-Dir - straight line, f/p - steam dragon
Aim: a steam dragon (severely wounded, 83% to hit)
The blast of sand misses the steam dragon.
You are engulfed in a cloud of scalding steam.
* * * LOW HITPOINT WARNING * * *
The steam dragon closely misses you.
The steam dragon claws you but does no damage.
Aiming: Sandblast (safe; 1% risk of failure)
Press: ? - help, Q - select action, (/) - cycle Shift-Dir - straight line, f/p - steam dragon
Aim: a steam dragon (severely wounded, 83% to hit)
The blast of sand hits the steam dragon.
The steam dragon is severely wounded.
The steam dragon misses you.
The steam dragon claws you but does no damage.
The steam dragon breathes steam at you. The ball of steam misses you.
You hear a shout!
The steam dragon misses you. The steam dragon barely misses you.
Aiming: Sandblast (safe; 1% risk of failure)
Press: ? - help, Q - select action, (/) - cycle Shift-Dir - straight line, f/p - steam dragon
Aim: a steam dragon (severely wounded, 83% to hit)
The blast of sand misses the steam dragon.
The steam dragon breathes steam at you. The ball of steam misses you.
Aiming: Sandblast (safe; 1% risk of failure)
Press: ? - help, Q - select action, (/) - cycle Shift-Dir - straight line, f/p - steam dragon
Aim: a steam dragon (severely wounded, catching its breath, 83% to hit)
The blast of sand hits the steam dragon!
The steam dragon is almost dead.
The steam dragon barely misses you. The steam dragon misses you.
The steam dragon breathes steam at you. The ball of steam misses you.
You hear a shout!
The steam dragon breathes steam at you. The ball of steam hits you!
You die...

#.###.####
##.......##
##.........#
#........§.#
#........§.##
##....<..§..#
##...§§.§..#
#..§...§..#
##....@§..#
###...D..##
###.....#
#####.# ..#
... ... ...


You could see a steam dragon (catching breath).

Vanquished Creatures
  A sky beast (D:6)
  An ice beast (D:6)
  A black bear (D:5)
  2 ogres
  A centaur (D:6)
  A necrophage (D:5)
  A bullfrog (D:6)
  A jelly (D:4)
  4 hounds
  4 orc priests
  Jessica (D:3)
  2 iguanas (D:5)
  3 orc wizards
  5 adders
  A white imp (D:6)
  2 ufetubi (D:6)
  3 worms
  A dart slug (D:2)
  10 orcs
  5 ball pythons
  2 endoplasms (D:2)
  2 giant cockroaches (D:1)
  12 goblins
  8 hobgoblins
  3 quokkas
  3 bats (D:1)
  2 frilled lizards
  5 kobolds
  2 rats
89 creatures vanquished.

Vanquished Creatures (collateral kills)
  Robin (D:3)
  A hobgoblin (D:3)
2 creatures vanquished.

Grand Total: 91 creatures vanquished

Notes
Turn   | Place    | Note
-------+----------+-------------------------------------------
     0 | D:1      | arthad the Gargoyle Earth Elementalist began the quest for
                  | the Orb.
     0 | D:1      | Reached XP level 1. HP: 10/10 MP: 3/3
   209 | D:1      | Reached XP level 2. HP: 15/15 MP: 3/5
   441 | D:1      | Found a faded altar of an unknown god.
   739 | D:1      | Reached skill level 1 in Transmutations
  1087 | D:2      | Reached XP level 3. HP: 15/19 MP: 0/6
  1090 | D:2      | Learned a level 2 spell: Passwall
  1094 | D:2      | Learned a level 3 spell: Stone Arrow
  1269 | D:2      | You fall into a shaft and drop 2 floors!
  1361 | D:3      | Reached skill level 1 in Armour
  1645 | D:2      | Reached XP level 4. HP: 24/24 MP: 4/7
  1695 | D:2      | Reached skill level 1 in Conjurations
  2360 | D:3      | Noticed Robin
  2415 | D:3      | Killed Robin
  2741 | D:3      | Noticed Jessica
  2746 | D:3      | Killed Jessica
  2747 | D:3      | Reached XP level 5. HP: 28/28 MP: 8/8
  3125 | D:4      | Found a shadowy altar of Dithmenos.
  3274 | D:4      | Found a hazy altar of Hepliaklqana.
  3398 | D:4      | Found a runed translucent gate.
  3398 | D:4      | Found a runed translucent gate.
  3398 | D:4      | Found a runed translucent gate.
  3399 | D:4      | Noticed Rilik's ghost (amateur GrEE)
  3442 | D:4      | Reached XP level 6. HP: 32/32 MP: 10/10
  3447 | D:4      | Learned a level 4 spell: Petrify
  3722 | D:4      | Found a burning altar of Makhleb.
  3751 | D:4      | Found a glowing silver altar of Zin.
  3964 | D:5      | Entered Level 5 of the Dungeon
  4405 | D:5      | Reached skill level 5 in Earth Magic
  4405 | D:5      | Reached XP level 7. HP: 15/37 MP: 10/11
  4886 | D:5      | Reached skill level 1 in Fighting
  5052 | D:6      | Reached skill level 1 in Evocations
  5320 | D:6      | Reached XP level 8. HP: 43/43 MP: 13/13
  5431 | D:6      | Reached skill level 5 in Stealth
  5594 | D:6      | Found a staircase to the Ecumenical Temple.
  5609 | Temple   | Entered the Ecumenical Temple
  5888 | Temple   | Became a worshipper of Sif Muna the Loreminder
  6308 | D:7      | Killed from afar by a steam dragon

Illustrated notes

Levels and vault maps discovered:
D:1:      erik_arrival_cave_to_civilisation [erik_arrival_cave_to_hall],
          layout_basic, basic_ecumenical_altar
D:2:      layout_basic, kennysheep_generic_room_11
D:3:      layout_basic, uniq_robin, uniq_jessica
D:4:      cheibrodos_pilgrimage, layout_basic, mainiacjoe_overflow_24_doors,
          grunt_dithmenos_smoke_and_mirrors, makhleb_heckhound_becter,
          zin_treasury, gammafunk_ghost_split
D:5:      black_bear_nest_1, layout_loops_ring, kennysheep_crisscross,
          chequers_decorated_corner, grunt_decor_junction
D:6:      layout_loops_ring, temple_fountains
D:7:      layout_cave_pods, trog_ov_bears_minmay, minivault_26, uniq_pikel,
          uniq_menkaure
Temple:   chequers_temple_sunken

Skill      XL: |  1  2  3  4  5  6  7  8 |
---------------+-------------------------+-----
Transmutations | 1 2 |  2.3
Earth Magic    | 4 5 |  5.9
Armour         | 1 2 |  2.9
Stealth        | 3 4 5 |  5.2
Conjurations   | 1 2 3 4 |  4.1
Dodging        | 2 |  2.7
Spellcasting   | 3 4 |  4.1
Fighting       | 1 |  1.9
Evocations     | 1 |  1.5

Action                   |  1- 3 |  4- 6 |  7- 9 || total
-------------------------+-------+-------+-------++-------
Melee: Unarmed           |       |     1 |       ||     1
       Staff             |       |       |     4 ||     4
 Cast: Sandblast         |    48 |    90 |    61 ||   199
       Stone Arrow       |       |     1 |       ||     1
  Use: Scroll            |       |     2 |       ||     2
       Potion            |       |     2 |       ||     2
Armor: Robe              |     4 |    17 |    11 ||    32
       Skin              |       |     5 |       ||     5
Dodge: Dodged            |    21 |    35 |    28 ||    84
